MLB
NEW YORK YANKEES @ TORONTO BLUE JAYS
08/20/2049
 
TOP OF THE 1ST
New York Yankees batting - Pitching for Toronto Blue Jays : LHP Spencer Jones
Pitching: LHP Spencer Jones
Batting: RHB Jeckel Hester 0-0: Ball
1-0: Foul Ball, location: 2F
1-1: Fly out, F9 (Flyball, 9LS, EV 86.2 MPH)
Batting: RHB Shiro Suehiro 0-0: Ball
1-0: Ball
2-0: Ground out 3-1 (Groundball, 13, EV 90.6 MPH)
Batting: SHB Bartholomeu Chambino 0-0: Ball
1-0: Foul Ball, location: 2F
1-1: Foul Ball, location: 2F
1-2: Strikes out looking
Top of the 1st over - 0 runs, 0 hits, 0 errors, 0 left on base; New York 0 - Toronto 0
BOTTOM OF THE 1ST
Toronto Blue Jays batting - Pitching for New York Yankees : RHP Bryce Cleavinger
Pitching: RHP Bryce Cleavinger
Batting: RHB Danny Burnside 0-0: Ball
1-0: Foul Ball, location: 2F
1-1: Ball
2-1: Ball
3-1: Called Strike
3-2: SINGLE (Line Drive, 3D, EV 101.2 MPH)
Batting: RHB C.J. Richerson 0-0: Swinging Strike
0-1: Ball
Danny Burnside steals 2nd base (no throw)
1-1: Called Strike
1-2: Foul Ball, location: 2F
1-2: Foul Ball, location: 2F
1-2: Ball
2-2: Fly out, F7 (Line Drive, 78S, EV 88.1 MPH)
Batting: SHB Matt Altieri 0-0: Called Strike
0-1: Ball
1-1: Swinging Strike
1-2: Foul Ball, location: 2F
1-2: Ball
2-2: Foul Ball, location: 2F
2-2: Ball
3-2: 2-RUN HOME RUN (Flyball, 9D, EV 98.8 MPH), Distance : 385 ft
Batting: RHB Efrain Vargas 0-0: Called Strike
0-1: Foul Ball, location: 2F
0-2: Ball
1-2: SOLO HOME RUN (Flyball, 8RXD, EV 100.6 MPH), Distance : 412 ft
Batting: SHB Jason Woods 0-0: Fly out, F8 (Flyball, 8RM, EV 93.8 MPH)
Batting: RHB Butch Kaiser 0-0: Ball
1-0: Ball
2-0: Called Strike
2-1: SINGLE (Groundball, 4MD, EV 95.0 MPH)
Batting: SHB Dominik Hasek II 0-0: Ball
Butch Kaiser steals 2nd base
1-0: Called Strike
1-1: 2-RUN HOME RUN (Flyball, 7D, EV 94.4 MPH), Distance : 377 ft
Batting: RHB Steve Jordan 0-0: Ground out 5-3 (Groundball, 5, EV 86.2 MPH)
Bottom of the 1st over - 5 runs, 5 hits, 0 errors, 0 left on base; New York 0 - Toronto 5
TOP OF THE 2ND
New York Yankees batting - Pitching for Toronto Blue Jays : LHP Spencer Jones
Batting: RHB Adriaan Pieters 0-0: Ball
1-0: Called Strike
1-1: Foul Ball, location: 2F
1-2: Ball
2-2: Strikes out swinging
Batting: SHB Mukhtar Wa'il 0-0: Called Strike
0-1: Swinging Strike
0-2: Foul Ball, location: 2F
0-2: Ball
1-2: Foul Ball, location: 2F
1-2: Foul Ball, location: 2F
1-2: Foul Ball, location: 2F
1-2: Ball
2-2: Strikes out swinging
Batting: RHB Larry Martell 0-0: Ball
1-0: Called Strike
1-1: Foul Ball, location: 2F
1-2: Ground out 6-3 (Groundball, 6, EV 107.5 MPH)
Top of the 2nd over - 0 runs, 0 hits, 0 errors, 0 left on base; New York 0 - Toronto 5
BOTTOM OF THE 2ND
Toronto Blue Jays batting - Pitching for New York Yankees : RHP Bryce Cleavinger
Batting: LHB Nate Dean 0-0: Swinging Strike
0-1: Foul Ball, location: 3F, Error on foul ball, E3
0-2: Ball
1-2: Ball
2-2: Foul Ball, location: 2F
2-2: SINGLE (Groundball, 4D, EV 102.5 MPH)
Batting: RHB Danny Burnside 0-0: Ball
1-0: DOUBLE (Line Drive, 3D, EV 94.4 MPH)
Nate Dean to third
Runner from 3rd tries for Home, SAFE, throw by RF to trailing runner, OUT at third! 9-3-5
Batting: RHB C.J. Richerson 0-0: Ball
1-0: Ball
2-0: Fly out, F5 (Flyball, 5D, EV 93.1 MPH)
Batting: SHB Matt Altieri 0-0: SOLO HOME RUN (Flyball, 7LD, EV 95.6 MPH), Distance : 375 ft
Pitching: RHP Mark Stafford
Batting: RHB Efrain Vargas 0-0: Ball
1-0: Fly out, F9 (Flyball, 9, EV 97.5 MPH)
Bottom of the 2nd over - 2 runs, 3 hits, 1 error, 0 left on base; New York 0 - Toronto 7
TOP OF THE 3RD
New York Yankees batting - Pitching for Toronto Blue Jays : LHP Spencer Jones
Batting: RHB Russ Shambaugh 0-0: Called Strike
0-1: Swinging Strike
0-2: Strikes out swinging
Batting: RHB Ryan Neal 0-0: Ball
1-0: Foul Ball, location: 2F
1-1: Swinging Strike
1-2: Strikes out swinging
Batting: LHB Dan Morris 0-0: Ball
1-0: Swinging Strike
1-1: Foul Ball, location: 2F
1-2: Ball
2-2: Ball
3-2: Foul Ball, location: 2F
3-2: Strikes out swinging
Top of the 3rd over - 0 runs, 0 hits, 0 errors, 0 left on base; New York 0 - Toronto 7
BOTTOM OF THE 3RD
Toronto Blue Jays batting - Pitching for New York Yankees : RHP Mark Stafford
Batting: SHB Jason Woods 0-0: Ball
1-0: Ball
2-0: Ball
3-0: Called Strike
3-1: Base on Balls
Batting: RHB Butch Kaiser 0-0: Ground out 6-3 (Groundball, 6S, EV 73.1 MPH)
Jason Woods to second
Now at SS: Geni Prawiranega
Batting: SHB Dominik Hasek II 0-0: Called Strike
0-1: Ball
1-1: Foul Ball, location: 2F
1-2: Ball
2-2: Foul Ball, location: 2F
2-2: SINGLE (Line Drive, 7S, EV 103.1 MPH)
Jason Woods to third
Runner from 3rd tries for Home, SAFE, throw by LF to home
Batting: RHB Steve Jordan 0-0: Ball
1-0: Ball
2-0: Ball
Dominik Hasek II is caught stealing 2nd base 2-4
3-0: Called Strike
3-1: Base on Balls
Batting: LHB Nate Dean 0-0: Ball
1-0: Ball
2-0: Fly out, F7 (Flyball, 7S, EV 71.9 MPH)
Bottom of the 3rd over - 1 run, 1 hit, 0 errors, 1 left on base; New York 0 - Toronto 8
TOP OF THE 4TH
New York Yankees batting - Pitching for Toronto Blue Jays : LHP Spencer Jones
Batting: RHB Jeckel Hester 0-0: Ball
1-0: Foul Ball, location: 2F
1-1: Ball
2-1: Foul Ball, location: 2F
2-2: Foul Ball, location: 2F
2-2: Ball
3-2: Ground out U3 (Groundball, 34, EV 98.1 MPH)
Batting: RHB Shiro Suehiro 0-0: Called Strike
0-1: Ball
1-1: Swinging Strike
1-2: Fly out, F8 (Line Drive, 8LS, EV 98.1 MPH)
Batting: SHB Bartholomeu Chambino 0-0: Ball
1-0: Ball
2-0: Swinging Strike
2-1: Ball
3-1: Base on Balls
Batting: RHB Adriaan Pieters 0-0: Ball
1-0: Swinging Strike
1-1: Ball
2-1: Called Strike
2-2: Foul Ball, location: 2F
2-2: Strikes out swinging
Top of the 4th over - 0 runs, 0 hits, 0 errors, 1 left on base; New York 0 - Toronto 8
BOTTOM OF THE 4TH
Toronto Blue Jays batting - Pitching for New York Yankees : RHP Mark Stafford
Batting: RHB Danny Burnside 0-0: Called Strike
0-1: Ball
1-1: Foul Ball, location: 2F
1-2: Foul Ball, location: 2F
1-2: Ball
2-2: Foul Ball, location: 2F
2-2: Foul Ball, location: 2F
2-2: Ball
3-2: SINGLE (Groundball, 4M, EV 87.5 MPH) (infield hit)
Batting: RHB C.J. Richerson 0-0: Called Strike
0-1: Ball
1-1: Fly out, F9 (Flyball, 9D, EV 102.5 MPH)
Pitching: RHP Edwin Espinal
Batting: SHB Matt Altieri 0-0: Called Strike
0-1: Ball
Pickoff Throw by Catcher to First - Error! E2
Danny Burnside to second
1-1: 2-RUN HOME RUN (Flyball, 8RXD, EV 106.2 MPH), Distance : 429 ft
Batting: RHB Efrain Vargas 0-0: Ball
1-0: Ground out 4-3 (Groundball, 4, EV 87.5 MPH)
Batting: SHB Jason Woods 0-0: Called Strike
0-1: Foul Ball, location: 2F
0-2: Ball
1-2: Ball
2-2: Strikes out swinging
Bottom of the 4th over - 2 runs, 2 hits, 1 error, 0 left on base; New York 0 - Toronto 10
TOP OF THE 5TH
New York Yankees batting - Pitching for Toronto Blue Jays : LHP Spencer Jones
Batting: SHB Mukhtar Wa'il 0-0: Foul Ball, location: 2F
0-1: Swinging Strike
0-2: Strikes out swinging
Batting: RHB Larry Martell 0-0: Ball
1-0: Foul Ball, location: 2F
1-1: Ground out U3 (Groundball, 34, EV 110.6 MPH)
Batting: RHB Russ Shambaugh 0-0: Called Strike
0-1: Ball
1-1: Swinging Strike
1-2: Strikes out swinging
Top of the 5th over - 0 runs, 0 hits, 0 errors, 0 left on base; New York 0 - Toronto 10
BOTTOM OF THE 5TH
Toronto Blue Jays batting - Pitching for New York Yankees : RHP Edwin Espinal
Batting: RHB Butch Kaiser 0-0: Ball
1-0: Ball
2-0: Called Strike
2-1: Ball
3-1: Called Strike
3-2: Strikes out swinging
Batting: SHB Dominik Hasek II 0-0: Called Strike
0-1: Ground out U3 (Groundball, 13, EV 84.4 MPH)
Batting: RHB Steve Jordan 0-0: Swinging Strike
0-1: DOUBLE (Line Drive, 9LS, EV 114.4 MPH)
Batting: LHB Nate Dean 0-0: Ball
1-0: Ball
2-0: Called Strike
2-1: Called Strike
2-2: Foul Ball, location: 2F
2-2: Ball
3-2: Strikes out looking
Bottom of the 5th over - 0 runs, 1 hit, 0 errors, 1 left on base; New York 0 - Toronto 10
TOP OF THE 6TH
New York Yankees batting - Pitching for Toronto Blue Jays : LHP Spencer Jones
Batting: RHB Geni Prawiranega 0-0: Called Strike
0-1: Ball
1-1: Swinging Strike
1-2: SOLO HOME RUN (Flyball, 7LD, EV 96.2 MPH), Distance : 362 ft
Batting: LHB Dan Morris 0-0: Called Strike
0-1: Ground out 5-3 (Groundball, 5, EV 98.1 MPH)
Batting: RHB Jeckel Hester 0-0: Called Strike
0-1: Ball
1-1: SINGLE (Line Drive, 56D, EV 96.2 MPH)
Batting: RHB Shiro Suehiro 0-0: Swinging Strike
0-1: Swinging Strike
0-2: Foul Ball, location: 2F
0-2: Foul Ball, location: 2F
0-2: Ball
Jeckel Hester steals 2nd base (no throw)
1-2: Strikes out looking
Batting: SHB Bartholomeu Chambino 0-0: Foul Ball, location: 2F
0-1: Ball
1-1: Fly out, F9 (Flyball, 9, EV 83.1 MPH)
Top of the 6th over - 1 run, 2 hits, 0 errors, 1 left on base; New York 1 - Toronto 10
BOTTOM OF THE 6TH
Toronto Blue Jays batting - Pitching for New York Yankees : RHP Edwin Espinal
Batting: RHB Danny Burnside 0-0: Ball
1-0: Ball
2-0: Ball
3-0: Called Strike
3-1: Base on Balls
Batting: RHB C.J. Richerson 0-0: SINGLE (Flyball, 7S, EV 96.2 MPH)
Danny Burnside to second
Batting: SHB Matt Altieri 0-0: Ball
1-0: Called Strike
1-1: Swinging Strike
1-2: Strikes out swinging
Batting: RHB Efrain Vargas 0-0: Fly out, F8 (Flyball, 8LD, EV 82.5 MPH)
Batting: SHB Jason Woods 0-0: Ball
1-0: Ball
2-0: Swinging Strike
2-1: Foul Ball, location: 2F
2-2: Ball
3-2: Foul Ball, location: 2F
3-2: Ground out 6-3 (Groundball, 4M, EV 81.2 MPH)
Bottom of the 6th over - 0 runs, 1 hit, 0 errors, 2 left on base; New York 1 - Toronto 10
TOP OF THE 7TH
New York Yankees batting - Pitching for Toronto Blue Jays : LHP Spencer Jones
Now at 2B: Nate Dean
Now at 3B: Michael Byrd
Now at SS: Brock Van Gilder
Now in LF: Donny Burnside
Now in CF: Dominik Hasek II
Now in RF: Danny Burnside
Batting: RHB Adriaan Pieters 0-0: Ball
1-0: Foul Ball, location: 2F
1-1: Fly out, F8 (Flyball, 78S, EV 72.5 MPH)
Batting: SHB Mukhtar Wa'il 0-0: Ball
1-0: Ball
2-0: Ball
3-0: Base on Balls
Batting: RHB Larry Martell 0-0: Called Strike
0-1: Foul Ball, location: 2F
0-2: Strikes out swinging
Batting: RHB Russ Shambaugh 0-0: Called Strike
0-1: Ball
1-1: Foul Ball, location: 2F
1-2: Fly out, F8 (Flyball, 8RD, EV 108.1 MPH)
Top of the 7th over - 0 runs, 0 hits, 0 errors, 1 left on base; New York 1 - Toronto 10
BOTTOM OF THE 7TH
Toronto Blue Jays batting - Pitching for New York Yankees : RHP Edwin Espinal
Batting: RHB Butch Kaiser 0-0: Ball
1-0: Ground out 4-3 (Groundball, 34, EV 86.2 MPH)
Batting: SHB Dominik Hasek II 0-0: Ball
1-0: SOLO HOME RUN (Flyball, 8RXD, EV 99.4 MPH), Distance : 416 ft
Batting: RHB Brock Van Gilder 0-0: Ball
1-0: Ball
2-0: Ball
3-0: Ground out U3 (Groundball, 34, EV 87.5 MPH)
Batting: LHB Nate Dean 0-0: Ball
1-0: Ball
2-0: SINGLE (Groundball, 56S, EV 75.0 MPH) (infield hit)
Batting: RHB Danny Burnside 0-0: Called Strike
0-1: Ball
1-1: Ball
2-1: Ball
3-1: Swinging Strike
3-2: Base on Balls
Nate Dean to second
Pitching: LHP Julio Gonzalez
Batting: RHB Donny Burnside 0-0: Ball
1-0: SINGLE (Groundball, 4MD, EV 100.0 MPH) (infield hit)
Nate Dean to third
Danny Burnside to second
Batting: SHB Matt Altieri 0-0: Ball
1-0: Ball
2-0: Foul Ball, location: 2F
2-1: Ball
3-1: Foul Ball, location: 2F
3-2: Foul Ball, location: 2F
3-2: Strikes out looking
Bottom of the 7th over - 1 run, 3 hits, 0 errors, 3 left on base; New York 1 - Toronto 11
TOP OF THE 8TH
New York Yankees batting - Pitching for Toronto Blue Jays : LHP Spencer Jones
Pitching: RHP Justin Sedivy
Batting: RHB Geni Prawiranega 0-0: Called Strike
0-1: Ball
1-1: Ball
2-1: Ball
3-1: SINGLE (Line Drive, 5D, EV 97.5 MPH)
Batting: LHB Dan Morris 0-0: Ball
1-0: Ball
2-0: Ball
3-0: Base on Balls
Geni Prawiranega to second
Batting: RHB Jeckel Hester 0-0: Ball
1-0: Called Strike
1-1: Ball
2-1: 3-RUN HOME RUN (Line Drive, 7D, EV 98.8 MPH), Distance : 401 ft
Batting: SHB Gus Berry 0-0: Ball
1-0: Ball
2-0: Foul Ball, location: 2F
2-1: Ball
3-1: Foul Ball, location: 2F
3-2: Ground out 6-3 (Groundball, 4M, EV 105.0 MPH)
Batting: SHB Bartholomeu Chambino 0-0: Foul Ball, location: 2F
0-1: Called Strike
0-2: Ball
1-2: Fly out, F7 (Flyball, 7D, EV 98.8 MPH)
Batting: RHB Adriaan Pieters 0-0: Called Strike
0-1: Called Strike
0-2: Foul Ball, location: 2F
0-2: SINGLE (Line Drive, 4MD, EV 103.1 MPH)
Batting: SHB Mukhtar Wa'il 0-0: Called Strike
0-1: Ball
1-1: Swinging Strike
1-2: DOUBLE (Line Drive, 7LM, EV 107.5 MPH)
Adriaan Pieters to third
Runner from 3rd tries for Home, SAFE, throw by LF to home
Pitching: RHP Chase Schlong
Batting: RHB Larry Martell 0-0: Called Strike
0-1: Called Strike
0-2: Ball
1-2: Strikes out swinging
Top of the 8th over - 4 runs, 4 hits, 0 errors, 1 left on base; New York 5 - Toronto 11
BOTTOM OF THE 8TH
Toronto Blue Jays batting - Pitching for New York Yankees : LHP Julio Gonzalez
Batting: RHB Efrain Vargas 0-0: Swinging Strike
0-1: Ground out 5-3 (Groundball, 56S, EV 84.4 MPH)
Batting: LHB Michael Byrd 0-0: Ball
1-0: Foul Ball, location: 2F
1-1: Foul Ball, location: 2F
1-2: Ball
2-2: Foul Ball, location: 2F
2-2: Ground out 6-3 (Groundball, 6M, EV 103.8 MPH)
Batting: RHB Butch Kaiser 0-0: Foul Ball, location: 2F
0-1: Called Strike
0-2: Strikes out looking
Bottom of the 8th over - 0 runs, 0 hits, 0 errors, 0 left on base; New York 5 - Toronto 11
TOP OF THE 9TH
New York Yankees batting - Pitching for Toronto Blue Jays : RHP Chase Schlong
Batting: RHB Russ Shambaugh 0-0: Ball
1-0: Ball
2-0: Ball
3-0: Swinging Strike
3-1: Ground out 1-3 (Groundball, P, EV 63.8 MPH)
Batting: RHB Geni Prawiranega 0-0: Ball
1-0: Called Strike
1-1: Called Strike
1-2: Ball
2-2: Ball
3-2: SINGLE (Groundball, 56D, EV 94.4 MPH)
Batting: LHB Dan Morris 0-0: Ball
1-0: Fly out, F8 (Flyball, 8RM, EV 86.2 MPH)
Batting: RHB Jeckel Hester 0-0: Reached on error, E4 (Groundball, 4, EV 83.8 MPH)
Geni Prawiranega to second
Batting: SHB Gus Berry 0-0: Ball
1-0: Ball
2-0: Called Strike
2-1: Ball
3-1: Foul Ball, location: 2F
3-2: Strikes out swinging
Top of the 9th over - 0 runs, 1 hit, 1 error, 2 left on base; New York 5 - Toronto 11
Sunday, July 16th , 2023 - OOTP Baseball 24.6 Build 69